 Dungeon Crawl Stone Soup version 0.19.1 (webtiles) character file.

21553 Patate the Basher (level 12, -12/81 HPs)
             Began as a Gargoyle Fighter on Dec 9, 2016.
             Was a High Priest of Okawaru.
             Mangled by a very large slime creature (50 damage)
             ... on level 13 of the Dungeon.
             The game lasted 00:46:16 (14296 turns).

Patate the Basher (Gargoyle Fighter)               Turns: 14296, Time: 00:46:16

Health: -12/81     AC: 27    Str: 26    XL:     12   Next: 91%
Magic:  12/12      EV:  4    Int:  8    God:    Okawaru [*****.]
Gold:   183        SH: 18    Dex:  9    Spells: 0 memorised, 11 levels left

rFire  . . .     SeeInvis .     s - +2 whip (elec)
rCold  + + .     Gourm    .     a - +1 plate armour of the Prince {*Drain rElec rC+ Slay+4} (curse)
rNeg   + + .     Faith    .     J - +2 large shield {rC+}
rPois  ∞         Spirit   .     F - +1 hat {MR+}
rElec  +         Reflect  .     (no cloak)
rCorr  .         Harm     .     u - +0 pair of gloves
MR     +....                    (no boots)
Stlth  ..........               (no amulet)
                                (no ring)
                                m - ring of positive energy

@: no status effects
A: negative energy resistance 1, electricity resistance, unbreathing,
petrification resistance, rot immunity, AC +8
a: Heroism, Finesse, Renounce Religion


You were on level 13 of the Dungeon.
You worshipped Okawaru.
Okawaru was extremely pleased with you.
You were hungry.

You visited 2 branches of the dungeon, and saw 14 of its levels.

You collected 827 gold pieces.
You spent 644 gold pieces at shops.

Inventory:

Hand Weapons
 s - a +2 whip of electrocution (weapon)
 B - the +0 glaive of Exuditio {speed, rElec rF++ MR- Dex+3}
   (You found it on level 9 of the Dungeon)

   Attacks with this weapon are significantly faster.
   It affects your dexterity (+3).
   It greatly protects you from fire.
   It insulates you from electricity.
   It affects your resistance to hostile enchantments.
 L - a +1 morningstar
Armour
 a - the cursed +1 plate armour of the Prince (worn) {*Drain rElec rC+ Slay+4}
   (You bought it in a shop on level 6 of the Dungeon)

   It affects your accuracy and damage with ranged weapons and melee attacks
   (+4).
   It protects you from cold.
   It insulates you from electricity.
   It causes draining when unequipped.
   It has a curse placed upon it.
 u - a +0 pair of gloves (worn)
 F - a +1 hat of magic resistance (worn)
 J - a +2 large shield of cold resistance (worn)
Jewellery
 m - a ring of positive energy (left hand)
Scrolls
 d - 2 scrolls of fog
 j - 2 scrolls of enchant weapon
 k - 4 scrolls of identify
 r - 4 scrolls of magic mapping
 t - 3 scrolls of blinking
 v - 2 scrolls of remove curse
 D - 3 scrolls of teleportation
Potions
 b - a potion of magic
 c - a potion of agility
 g - 4 potions of flight
 l - 3 potions of haste
 n - a potion of resistance
 p - a potion of ambrosia
 q - 5 potions of brilliance
 w - a potion of curing
 x - 3 potions of heal wounds
 z - 3 potions of lignification
 C - a potion of berserk rage
Comestibles
 f - 9 bread rations
 h - 7 meat rations
 i - 2 slices of pizza
 A - 11 beef jerkies


   Skills:
 + Level 12.0 Fighting
 - Level 14.1 Maces & Flails
 - Level 11.5 Armour
 + Level 5.8 Shields


You had 11 spell levels left.
You didn't know any spells.

Dungeon Overview and Level Annotations

Branches:
Dungeon (13/15)            Temple (1/1) D:6            Lair (0/6) D:10
    Orc (0/2) D:11
 Vaults: D:13-14

Altars:
Ashenzari
Cheibriados
Dithmenos
Elyvilon
Fedhas
Gozag
Hepliaklqana
Kikubaaqudgha
Makhleb
Nemelex Xobeh
Okawaru
Qazlal
Ru
Sif Muna
Trog
Uskayaw
Vehumet
Xom
Yredelemnul
Zin
The Shining One
Beogh

Shops:
D:6 [

Annotations:
D:6 plate armure unique


Innate Abilities, Weirdness & Mutations

You are resistant to torment.
Your stone body is resilient. (AC +8)
You are immune to poison.
You resist negative energy. (rN+)
You are resistant to electric shocks. (rElec)
You can survive without breathing.
You are immune to petrification.
You are immune to rotting.


Message History

Two slime creatures merge to form a large slime creature.
Two slime creatures merge to form a very large slime creature.
You block the very large slime creature's attack.
You whack the very large slime creature!
The very large slime creature is lightly wounded.
You whack the very large slime creature!
There is a sudden explosion of sparks!
The very large slime creature is moderately wounded.
You block the very large slime creature's attack.
You hit the very large slime creature.
The very large slime creature is moderately wounded.
The very large slime creature hits you!!!
Ouch! That really hurt!
You whack the very large slime creature!
The very large slime creature is moderately wounded.
You hit the very large slime creature.
The very large slime creature is moderately wounded.
The very large slime creature hits you!!!
Ouch! That really hurt!
You die...

#..# #.## ##.#####
###+### #......#
.....$. ### #......#
....... ####..
#......# ..>....
#..... #......#
....... #..
#......########.......
#..
#......#.>..@J'.......
#..
#........######.......
#.. #......### .......
#.. #......# .......
#.. ######## .....<.
#.. ....>.. ###
#######


You could see a very large slime creature.

Vanquished Creatures
  Harold (D:12)
  A rakshasa (D:11)
  The ghost of TheSquall the Fencer, a novice MiFi of Okawaru (D:9)
  Pikel (D:5)
  4 hill giants
  An ugly thing (D:11)
  A manticore (D:13)
  A cyclops (D:11)
  Maurice (D:9)
  4 centaur zombies (D:9)
  3 centaur skeletons
  A komodo dragon (D:12)
  3 trolls
  2 hellwings
  The ghost of Schattenjager the Summoner, a novice TeSu of Hepliaklqana (D:5)
  A slime creature (D:13)
  A two-headed ogre (D:11)
  A meliai zombie (D:9)
  2 hippogriffs
  A shadow (D:12)
  A water elemental (D:12)
  22 yaks
  A wyvern (D:10)
  Grum (D:8)
  A wraith (D:12)
  A hungry ghost (D:12)
  A mottled dragon (D:12)
  2 water moccasins
  2 slaves (D:5)
  A hornet zombie (D:8)
  4 orc warriors
  2 black bears
  2 ice beasts (D:8)
  4 wolves
  3 necrophages
  2 sky beasts
  An eye of draining (D:6)
  5 phantoms
  8 ogres
  5 centaurs
  2 gnoll sergeants (D:11)
  5 big kobolds (D:11)
  10 bullfrogs
  2 scorpions
  9 killer bees
  4 wights (D:12)
  4 howler monkeys
  6 electric eels (D:12)
  8 crimson imps
  2 bullfrog zombies
  2 hounds
  4 orc wizards
  2 orc priests
  A bullfrog skeleton (D:12)
  A gnoll shaman (D:7)
  4 jellies
  5 iguanas
  8 worker ants
  2 hound skeletons
  A hound zombie (D:7)
  2 worker ant zombies
  Robin (D:3)
  15 adders
  12 gnolls
  2 river rats (D:4)
  7 shadow imps
  3 oozes
  3 adder zombies
  4 worms (D:2)
  3 dart slugs (D:2)
  5 leopard geckos
  57 orcs
  9 bats
  9 giant cockroaches
  19 goblins
  12 hobgoblins
  27 jackals
  16 kobolds
  3 quokkas
  2 ball pythons
  8 frilled lizards
  A leopard gecko skeleton (D:4)
  A quokka zombie (D:8)
  10 rats
  A plant (D:12)
415 creatures vanquished.

Vanquished Creatures (others)
  A plant (D:12)
1 creature vanquished.

Grand Total: 416 creatures vanquished

Notes
Turn   | Place    | Note
-------+----------+-------------------------------------------
     0 | D:1      | Patate the Gargoyle Fighter began the quest for the Orb.
     0 | D:1      | Reached XP level 1. HP: 14/14 MP: 1/1
   285 | D:1      | Reached XP level 2. HP: 19/19 MP: 2/2
   432 | D:1      | Reached XP level 3. HP: 23/23 MP: 3/3
   553 | D:1      | Reached skill level 3 in Maces & Flails
   952 | D:2      | Reached XP level 4. HP: 17/28 MP: 4/4
  1259 | D:2      | Found a faded altar of an unknown god.
  2137 | D:2      | Reached XP level 5. HP: 33/33 MP: 5/5
  2274 | D:3      | Reached skill level 4 in Maces & Flails
  2712 | D:3      | Found a deep blue altar of Sif Muna.
  2960 | D:3      | Noticed Robin
  3515 | D:3      | Killed Robin
  3523 | D:3      | Reached XP level 6. HP: 17/38 MP: 6/6
  4353 | D:4      | Reached skill level 5 in Maces & Flails
  4481 | D:4      | Noticed a phantom
  4597 | D:4      | Killed a phantom
  4597 | D:4      | Reached skill level 5 in Armour
  4597 | D:4      | Reached XP level 7. HP: 25/44 MP: 7/7
  4862 | D:5      | Entered Level 5 of the Dungeon
  4891 | D:4      | Reached skill level 5 in Fighting
  4931 | D:4      | Reached skill level 6 in Maces & Flails
  5131 | D:5      | Found a hazy altar of Hepliaklqana.
  5169 | D:5      | Noticed Schattenjager's ghost (novice TeSu)
  5170 | D:5      | Noticed Pikel
  5187 | D:5      | Killed Schattenjager's ghost
  5209 | D:5      | Reached XP level 8. HP: 47/50 MP: 8/8
  5300 | D:5      | Killed Pikel
  5300 | D:5      | Reached skill level 7 in Maces & Flails
  5367 | D:5      | Reached skill level 8 in Maces & Flails
  5570 | D:5      | Found a shattered altar of Ashenzari.
  5571 | D:5      | Found a shimmering altar of Xom.
  5571 | D:5      | Found a glowing silver altar of Zin.
  5666 | D:6      | Found an iron altar of Okawaru.
  5699 | D:6      | Reached XP level 9. HP: 46/56 MP: 9/9
  5947 | D:6      | Found Cigop's Antique Armour Emporium.
  5951 | D:6      | Found a staircase to the Ecumenical Temple.
  5969 | Temple   | Entered the Ecumenical Temple
  6078 | D:6      | Became a worshipper of Warmaster Okawaru
  6531 | D:7      | Reached skill level 9 in Maces & Flails
  6534 | D:7      | Noticed a troll
  6546 | D:7      | Killed a troll
  6626 | D:7      | Reached * piety under Okawaru
  6894 | D:7      | Found a hazy altar of Hepliaklqana.
  7471 | D:7      | Reached skill level 10 in Maces & Flails
  7644 | D:8      | Reached XP level 10. HP: 64/64 MP: 10/10
  7871 | D:8      | Reached ** piety under Okawaru
  8174 | D:8      | Found a roughly hewn altar of Beogh.
  8344 | D:9      | Reached skill level 11 in Maces & Flails
  8347 | D:9      | Found a basalt altar of Yredelemnul.
  8360 | D:9      | Noticed Maurice
  8454 | D:9      | Reached *** piety under Okawaru
  8470 | D:9      | Noticed Grum
  8514 | D:8      | Killed Grum
  8526 | D:8      | Reached **** piety under Okawaru
  8749 | D:9      | Noticed TheSquall's ghost (novice MiFi)
  8761 | D:8      | Reached XP level 11. HP: 71/71 MP: 11/11
  8796 | D:9      | Reached skill level 12 in Maces & Flails
  8812 | D:9      | Got a smoking glaive
  8818 | D:9      | Identified the cursed +0 glaive of Exuditio {speed, rElec rF++ MR- Dex+3} (You found it on level 9 of the Dungeon)
  8896 | D:9      | Killed Maurice
  9040 | D:9      | Reached skill level 10 in Armour
  9114 | D:9      | Killed TheSquall's ghost
  9114 | D:9      | Reached ***** piety under Okawaru
  9137 | D:9      | Received a gift from Okawaru
  9566 | D:10     | Entered Level 10 of the Dungeon
  9604 | D:10     | Noticed a hill giant
  9622 | D:10     | Killed a hill giant
  9622 | D:10     | Reached skill level 10 in Fighting
  9760 | D:10     | Reached skill level 13 in Maces & Flails
  9956 | D:10     | Found a staircase to the Lair.
 10255 | D:10     | Reached XP level 12. HP: 69/78 MP: 12/12
 11099 | D:11     | Noticed a rakshasa
 11183 | D:11     | Killed a rakshasa
 11731 | D:11     | Found a staircase to the Orcish Mines.
 11743 | D:11     | Reached skill level 14 in Maces & Flails
 12066 | D:12     | Received a gift from Okawaru
 12416 | D:12     | Noticed Harold
 12427 | D:12     | Killed Harold
 12672 | D:6      | Bought a faintly humming plate armour for 644 gold pieces
 12682 | D:6      | Identified the cursed +1 plate armour of the Prince {*Drain rElec rC+ Slay+4} (You bought it in a shop on level 6 of the Dungeon)
 13259 | D:12     | Reached skill level 5 in Shields
 14296 | D:13     | Mangled by a very large slime creature

Skill      XL: |  1  2  3  4  5  6  7  8  9 10 11 12 |
---------------+-------------------------------------+-----
Maces & Flails | 3 4 5 6 8 10 11 13 14 | 14.1
Armour         | 4 5 6 8 9 10 11 | 11.5
Fighting       | 4 5 6 7 9 10 12 | 12.0
Shields        | 5 |  5.8

Action                   |  1- 3 |  4- 6 |  7- 9 | 10-12 || total
-------------------------+-------+-------+-------+-------++-------
Melee: Flail             |   171 |   395 |   106 |       ||   672
       Whip              |       |       |   311 |  1133 ||  1444
       Morningstar       |       |       |       |    10 ||    10
Invok: Heroism           |       |       |       |     7 ||     7
  Use: Scroll            |     2 |     9 |     8 |     5 ||    24
       Potion            |     3 |     4 |     3 |     2 ||    12
  Eat: Chunk             |       |    13 |     9 |    22 ||    44
       Pizza             |       |       |     1 |     1 ||     2
Armor: Scale mail        |   125 |   289 |   162 |       ||   576
       Fire dragon scale |       |       |    17 |   353 ||   370
       Plate armour      |       |       |       |    95 ||    95
Dodge: Dodged            |    68 |   154 |   102 |   187 ||   511
Block: Shield            |   108 |   261 |   195 |   213 ||   777
       Large shield      |       |       |       |    76 ||    76
